 Dungeon Crawl Stone Soup version 0.18-a0-1773-gec4f98e (webtiles) character file.

9255 Moloch the Bludgeoner (level 11, -5/119 HPs)
             Began as an Ogre Berserker on Apr 14, 2016.
             Was a High Priest of Trog.
             Splashed by Maurice's acid (10 damage)
             ... on level 9 of the Dungeon.
             The game lasted 00:27:42 (13513 turns).

Moloch the Bludgeoner (Ogre Berserker)             Turns: 13513, Time: 00:27:42

Health: -5/119     AC:  1    Str: 27    XL:     11   Next: 43%
Magic:  11/11      EV: 10    Int:  6    God:    Trog [*****.]
Gold:   332        SH:  0    Dex:  9    Spells: 0 memorised, 10 levels left

rFire  . . .     SeeInvis .     b - +0 flail (protect)
rCold  . . .     Gourm    .     s - +1 robe "Dearer" {rElec}
rNeg   . . .     Faith    .     (no shield)
rPois  .         Spirit   .     (helmet restricted)
rElec  +         Dismiss  .     (no cloak)
rCorr  .         Reflect  .     (gloves unavailable)
SustAt .         Harm     .     (boots unavailable)
MR     +++..                    (no amulet)
Stlth  +.........               (no ring)
                                (no ring)

@: lethally poisoned (-5 -> -5), exhausted, corroded, regenerating, slowed, very
slow, extremely resistant to hostile enchantments, very unstealthy
A: unfitting armour, tough skin 1
a: Berserk, Trog's Hand, Brothers in Arms, Burn Spellbooks, Renounce Religion


You were on level 9 of the Dungeon.
You worshipped Trog.
Trog was extremely pleased with you.
You were not hungry.

You visited 2 branches of the dungeon, and saw 11 of its levels.

You collected 332 gold pieces.

Inventory:

Hand Weapons
 b - a +0 flail of protection (weapon)
Missiles
 h - 180 stones (quivered)
 p - 3 large rocks
 K - 2 tomahawks
Armour
 s - the +1 robe "Dearer" (worn) {rElec}
   (You found it on level 8 of the Dungeon)

   It insulates you from electricity.
Wands
 f - a wand of polymorph (3/24)
 m - a wand of teleportation (3/9)
 z - a wand of paralysis (1/24)
 B - a wand of enslavement (8/24)
 I - a wand of flame (22/48)
Scrolls
 d - 3 scrolls of random uselessness {unknown}
 e - 9 scrolls of remove curse
 g - 5 scrolls of identify {unknown}
 j - 4 scrolls of enchant weapon
 r - 5 scrolls of amnesia {unknown}
 u - 3 scrolls of recharging {unknown}
 v - 3 scrolls of enchant armour {unknown}
 x - 2 scrolls of blinking {unknown}
 C - a scroll of fear {unknown}
 E - a scroll of holy word {unknown}
 J - 2 scrolls of teleportation {unknown}
 L - a scroll of immolation {unknown}
Potions
 a - 4 potions of lignification {unknown}
 i - 2 potions of degeneration {unknown}
 k - 3 potions of flight {unknown}
 n - 4 potions of curing {unknown}
 t - 2 potions of magic {unknown}
 w - 2 potions of haste {unknown}
 A - 2 potions of heal wounds {unknown}
 H - a potion of berserk rage {unknown}
Books
 y - a book of Power

   Spells                             Type                      Level
   a - Fulminant Prism                Conjuration/Hexes            4
   b - Iskenderun's Mystic Blast      Conjuration                  4
   c - Venom Bolt                     Conjuration/Poison           5
   d - Bolt of Magma                  Conjuration/Fire/Earth       5
   e - Iron Shot                      Conjuration/Earth            6
   f - Orb of Destruction             Conjuration                  7
   g - Spellforged Servitor           Conjuration/Summoning        7
   Trog disapproves of the use of such an item.
Comestibles
 c - 4 bread rations
 l - 5 meat rations


   Skills:
 - Level 10.7 Fighting
 - Level 15.7 Maces & Flails
 * Level 9.7 Throwing
 - Level 2.6 Dodging


You had 10 spell levels left.
You didn't know any spells.

Dungeon Overview and Level Annotations

Branches:
Dungeon (10/15)            Temple (1/1) D:7            Lair (0/8) D:8
    Orc: D:9-12

Altars:
Ashenzari
Cheibriados
Dithmenos
Elyvilon
Fedhas
Gozag
Kikubaaqudgha
Makhleb
Nemelex Xobeh
Okawaru
Pakellas
Qazlal
Ru
Sif Muna
Trog
Vehumet
Xom
Yredelemnul
Zin
The Shining One

Shops:
D:7 }

Annotations:
D:9 Maurice


Innate Abilities, Weirdness & Mutations

You are too large for most types of armour.
You have tough skin (AC +1).


Message History

A bolt of acid appears from out of thin air!
The bolt of acid hits you!
* * * LOW HITPOINT WARNING * * *
The acid burns!
* * * LOW HITPOINT WARNING * * *
Something hits you.
* * * LOW HITPOINT WARNING * * *
Something steals your book of Unlife!
You continue eating.
Something hits you.
* * * LOW HITPOINT WARNING * * *
Something steals your 5 large rocks!
You continue eating.
You feel sick.
You hear a zap.
A bolt of acid appears from out of thin air!
The bolt of acid hits you!
* * * LOW HITPOINT WARNING * * *
The acid burns!
You die...

#.>............###..#
#..............# #..#
#..........#...# #..#
#..........#...# #..#
#..........#...# #..#
#.......<..#...# #..#
#..........#...# #>.#
#..............###..#
................@{..#
#####################


There were no monsters in sight!

Vanquished Creatures
  A komodo dragon (D:8)
  A troll (D:9)
  2 two-headed ogres
  Grinder (D:3)
  5 yaks (D:9)
  A wyvern (D:8)
  The ghost of George the Skirmisher, an amateur HOFi (D:3)
  Eustachio (D:4)
  2 hippogriffs
  Menkaure (D:5)
  The ghost of M4edhros the Insei, an amateur OpNe of Cheibriados (D:5)
  A water moccasin (D:9)
  3 orc warriors
  2 sky beasts (D:8)
  3 phantoms
  4 ice beasts
  4 necrophages (D:9)
  A crocodile (D:8)
  A centaur (D:8)
  2 big kobolds
  Blork the orc (D:6)
  10 giant frogs
  A wyvern zombie (D:9)
  A wyvern skeleton (D:7)
  3 jellies
  4 scorpions
  27 killer bees
  9 wights
  7 howler monkeys
  4 crimson imps
  2 centaur zombies
  A giant frog zombie (D:9)
  4 hounds
  2 giant frog skeletons
  7 orc priests
  Ijyb (D:2)
  A gnoll shaman (D:8)
  Natasha (thrice) (D:3)
  Terence (D:2)
  12 orc wizards
  3 iguanas
  11 worker ants
  A killer bee zombie (D:8)
  A worker ant zombie (D:9)
  3 gnolls (D:8)
  6 adders
  3 shadow imps
  An ooze (D:2)
  An adder zombie (D:6)
  3 adder skeletons
  3 worms
  A dart slug (D:4)
  5 giant geckos
  47 orcs
  4 giant cockroaches
  7 goblins
  12 hobgoblins
  14 jackals
  4 quokkas
  3 ball pythons
  8 bats
  A giant gecko zombie (D:8)
  2 giant newts
  23 kobolds
  5 rats
  A bush (D:9)
312 creatures vanquished.

Vanquished Creatures (others)
  An adder (D:9)
  A quokka (D:4)
  12 plants
14 creatures vanquished.

Grand Total: 326 creatures vanquished

Notes
Turn   | Place    | Note
--------------------------------------------------------------
     0 | D:1      | Moloch the Ogre Berserker began the quest for the Orb.
     0 | D:1      | Reached XP level 1. HP: 24/24 MP: 1/1
   319 | D:1      | Reached XP level 2. HP: 32/32 MP: 2/2
   331 | D:1      | Found a glowing golden altar of the Shining One.
   458 | D:1      | Reached skill level 5 in Maces & Flails
   765 | D:2      | Reached XP level 3. HP: 9/39 MP: 3/3
  1036 | D:2      | Found a radiant altar of Vehumet.
  1044 | D:2      | Noticed Ijyb
  1044 | D:2      | Reached ** piety under Trog
  1053 | D:2      | Killed Ijyb
  1053 | D:2      | Reached skill level 6 in Maces & Flails
  1053 | D:2      | Reached skill level 1 in Throwing
  1053 | D:2      | Reached XP level 4. HP: 39/48 MP: 4/4
  1082 | D:2      | Found a basalt altar of Yredelemnul.
  1082 | D:2      | Found a glowing silver altar of Zin.
  1342 | D:2      | Noticed Terence
  1350 | D:2      | Killed Terence
  1915 | D:2      | Reached XP level 5. HP: 48/54 MP: 5/5
  2305 | D:3      | Noticed Grinder
  2310 | D:3      | Killed Grinder
  2310 | D:3      | Reached skill level 8 in Maces & Flails
  2310 | D:3      | Reached XP level 6. HP: 62/62 MP: 6/6
  2356 | D:3      | Noticed Natasha
  2361 | D:3      | Killed Natasha
  2375 | D:3      | Noticed George's ghost (amateur HOFi)
  2390 | D:3      | Killed George's ghost
  2390 | D:3      | Reached skill level 9 in Maces & Flails
  2390 | D:3      | Reached XP level 7. HP: 70/70 MP: 7/7
  2650 | D:3      | Noticed Natasha
  2655 | D:3      | Killed Natasha
  2900 | D:3      | Noticed Natasha
  2922 | D:3      | Killed Natasha
  3073 | D:3      | Reached *** piety under Trog
  3263 | D:4      | Found a snail-covered altar of Cheibriados.
  3284 | D:4      | Found a white marble altar of Elyvilon.
  3369 | D:4      | Noticed Eustachio
  3743 | D:4      | Killed Eustachio
  3743 | D:4      | Reached skill level 10 in Maces & Flails
  4056 | D:4      | Found a glowing golden altar of the Shining One.
  4100 | D:4      | Received a gift from Trog
  4106 | D:4      | Reached XP level 8. HP: 78/78 MP: 8/8
  4428 | D:5      | Entered Level 5 of the Dungeon
  4439 | D:5      | Noticed M4edhros's ghost (amateur OpNe)
  4450 | D:5      | Killed M4edhros's ghost
  4450 | D:5      | Reached skill level 11 in Maces & Flails
  4802 | D:5      | Found a stormy altar of Qazlal.
  4890 | D:5      | Reached skill level 5 in Fighting
  4911 | D:5      | Noticed Menkaure
  4919 | D:5      | Killed Menkaure
  4919 | D:5      | Reached skill level 12 in Maces & Flails
  4919 | D:5      | Reached skill level 5 in Throwing
  5186 | D:5      | Reached XP level 9. HP: 43/88 MP: 9/9
  6350 | D:6      | Found an iron altar of Okawaru.
  6350 | D:6      | Found a shimmering altar of Xom.
  6405 | D:6      | Reached skill level 13 in Maces & Flails
  6437 | D:6      | Noticed Blork the orc
  6444 | D:6      | Killed Blork the orc
  6633 | D:6      | Found a burning altar of Makhleb.
  6690 | D:6      | Reached **** piety under Trog
  7982 | D:7      | Reached skill level 14 in Maces & Flails
  7986 | D:7      | Reached XP level 10. HP: 97/104 MP: 10/10
  8118 | D:7      | Found a staircase to the Ecumenical Temple.
  8129 | Temple   | Entered the Ecumenical Temple
  8436 | D:7      | Found an opulent altar of Gozag.
  8830 | D:7      | Found an oddly glowing altar of Pakellas.
  8830 | D:7      | Found Pakellas's Prime Provisions.
  9958 | D:8      | Found a deep blue altar of Sif Muna.
 10148 | D:8      | Reached skill level 15 in Maces & Flails
 10601 | D:8      | Reached ***** piety under Trog
 10601 | D:8      | Reached skill level 10 in Fighting
 11031 | D:8      | Received a gift from Trog
 11495 | D:8      | Got a bloodstained robe
 11506 | D:8      | Identified the +1 robe "Dearer" {rElec} (You found it on level 8 of the Dungeon)
 11695 | D:8      | Reached XP level 11. HP: 114/119 MP: 11/11
 11935 | D:8      | Received a gift from Trog
 11975 | D:8      | Found a staircase to the Lair.
 13213 | D:9      | Found a blossoming altar of Fedhas.
 13477 | D:10     | Entered Level 10 of the Dungeon
 13477 | D:10     | Noticed Maurice
 13513 | D:9      | HP: 5/119 [something/wand of acid (11)]
 13513 | D:9      | Splashed by Maurice's acid

Vault maps used:
D:1:      sevenhm_arrival_forest_fort_large_4, tso_metal_star
D:2:      vehumet_crystals, amethyst_overflow_temple_binary, uniq_terence,
          uniq_iyjb
D:3:      first_bread, st_stairs_10, uniq_natasha, uniq_grinder
D:4:      elyvilon_altar_4, lemuel_coloured_pillars_altar,
          kennysheep_slug_shrine, abandoned_shop, uniq_eustachio
D:5:      basic_altar, uniq_menkaure
D:6:      lemuel_crystal_altar, gammafunk_temple_overflow_elements,
          uniq_blork_the_orc
D:7:      marbit_many_paths, minmay_temple_entry_metal_lava,
          johnstein_pakellas_shop
D:8:      kennysheep_little_box, david_lair_shrubbed, st_stairs_1
D:9:      fedhas_altar_decomposition
D:10:     uniq_maurice
Temple:   chequers_temple_sunken_temple

Skill      XL: |  1  2  3  4  5  6  7  8  9 10 11 |
---------------+----------------------------------+-----
Maces & Flails | 5 6 8 9 10 12 14 15 | 15.7
Throwing       | 1 3 4 5 6 7 9 |  9.7
Fighting       | 5 8 10 | 10.7
Dodging        | |  2.6

Action                   |  1- 3 |  4- 6 |  7- 9 | 10-12 || total
-------------------------+-------+-------+-------+-------++-------
Melee: Mace              |    77 |    14 |       |       ||    91
       Flail             |       |    79 |   310 |   225 ||   614
       Dire flail        |       |       |   115 |       ||   115
       Morningstar       |       |       |    20 |   304 ||   324
 Fire: Blowgun           |       |       |     3 |     4 ||     7
Throw: Stone             |     1 |       |     2 |    15 ||    18
       Large rock        |       |       |     2 |     5 ||     7
       Tomahawk          |       |       |       |     2 ||     2
Invok: Berserk           |     1 |     3 |    15 |     7 ||    26
       Trog's Hand       |       |       |     2 |     2 ||     4
Evoke: Wand              |       |       |       |     6 ||     6
  Use: Scroll            |       |       |     1 |     1 ||     2
 Stab: Sleeping          |       |       |     1 |       ||     1
       Distracted        |       |       |       |     1 ||     1
       Paralysed         |       |       |       |     1 ||     1
  Eat: Chunk             |     1 |     5 |    29 |    19 ||    54
       Pizza             |       |     1 |       |       ||     1
       Bread ration      |       |       |     1 |     2 ||     3
       Beef jerky        |       |       |     1 |       ||     1
Armor: Animal skin       |    13 |    26 |    64 |    42 ||   145
       Robe              |       |       |       |    76 ||    76
Dodge: Dodged            |    38 |    34 |   213 |   159 ||   444
